 Dungeon Crawl Stone Soup version 0.27-a0-1202-ge72e49191c (webtiles) character file.

Game seed: 9697668498125171868

46 openice22 the Caller (level 3, 0/25 HPs)
             Began as a Merfolk Summoner on June 3, 2021.
             Slain by a hobgoblin (4 damage)
             ... on level 2 of the Dungeon.
             The game lasted 00:25:31 (2685 turns).

openice22 the Caller (Merfolk Summoner)             Turns: 2685, Time: 00:25:32

Health: 0/25       AC:  5    Str:  8    XL:     3   Next: 66%
Magic:  5/6        EV: 10    Int: 15    God:
Gold:   59         SH:  0    Dex: 14    Spells: 3/6 levels left

rFire    . . .     SeeInvis .   k - +0 whip
rCold    . . .     Faith    .   (no shield)
rNeg     . . .     Spirit   .   b - +0 ring mail
rPois    .         Reflect  .   (no helmet)
rElec    .         Harm     .   (no cloak)
rCorr    .         Rampage  .   (no gloves)
Will     .....                  (no boots)
Stlth    +.........             (no amulet)
HPRegen  0.08/turn              (no ring)
MPRegen  0.10/turn              (no ring)

@: no status effects
A: (nimble swimmer 2), mertail
a: no special abilities


You were on level 2 of the Dungeon.
You visited 1 branch of the dungeon, and saw 2 of its levels.

You collected 59 gold pieces.

Inventory:

Hand Weapons
 g - a +0 dagger
 h - a +0 hunting sling
 k - a +0 whip (weapon)
Missiles
 n - 14 stones
Armour
 a - a +0 robe
 b - a +0 ring mail (worn)
 d - a +0 robe
Scrolls
 c - a scroll of torment {unknown}
 e - a scroll of teleportation
 j - a scroll of fear
 m - a scroll of amnesia {unknown}
Potions
 f - a potion of flight
 i - a potion of curing {unknown}
 l - 2 potions of magic


   Skills:
 + Level 0.8 Fighting
 + Level 0.4 Short Blades
 + Level 0.9 Armour
 + Level 3.1 Dodging
 + Level 2.2 Stealth
 + Level 0.5 Unarmed Combat
 + Level 2.4 Spellcasting
 + Level 4.2 Summonings


You had 3 spell levels left.
You knew the following spells:

 Your Spells              Type           Power      Damage    Failure   Level
a - Summon Small Mammal   Summ           56%        N/A       12%         1
b - Call Imp              Summ           14%        N/A       19%         2

Your spell library contained the following spells:

 Spells                   Type           Power      Damage    Failure   Level
 Call Canine Familiar     Summ           14%        N/A       34%         3
 Summon Guardian Golem    Hex/Summ       8%         N/A       63%         3
 Summon Ice Beast         Ice/Summ       8%         N/A       95%         4
 Summon Lightning Spire   Summ/Air       8%         N/A       95%         4


Dungeon Overview and Level Annotations

Branches:
Dungeon (2/15)

Altars:
Qazlal

Annotations:
D:1 Explored


Innate Abilities, Weirdness & Mutations

((You are quick and stealthy near water. (Stealth+, EV+, Speed+++)))
Your lower body shifts to a powerful aquatic tail in water.


Message History

The ball python zombie bites your crimson imp.
The ball python zombie constricts you.
The quokka skeleton bites you but does no damage.
You hit the hobgoblin.
The hobgoblin is moderately wounded.
Your crimson imp blinks!
The hobgoblin hits you.
The ball python zombie loses its grip on you.
The quokka skeleton barely misses you.
You hit the hobgoblin but do no damage.
The hobgoblin is moderately wounded.
The hobgoblin hits you. The quokka skeleton misses you.
You hit the hobgoblin but do no damage.
The hobgoblin is moderately wounded.
Your crimson imp blinks!
The hobgoblin hits you.
* * * LOW HITPOINT WARNING * * *
The quokka skeleton closely misses you.
You hit the hobgoblin but do no damage.
The hobgoblin is moderately wounded.
The hobgoblin barely misses you. The quokka skeleton misses you.
The quokka bites you.
* * * LOW HITPOINT WARNING * * *
The frilled lizard bites you but does no damage.
The ball python zombie barely misses your crimson imp.
The ball python zombie closely misses your crimson imp.
Okay, then.
k - a +0 whip (weapon)
Your crimson imp hits the ball python zombie.
The ball python zombie is destroyed!
You barely miss the hobgoblin.
The hobgoblin is moderately wounded.
The quokka bites you but does no damage.
The hobgoblin closely misses you. The quokka skeleton closely misses you.
The frilled lizard bites you but does no damage.
Your crimson imp barely misses the quokka.
The quokka bites you.
* * * LOW HITPOINT WARNING * * *
The hobgoblin hits you.
You die...

. ....(.. . #> .......
#### .#.####......#
... ............. ..
#......8.... ##
+.$......... ####
#...Zl....# #...
#...@g>...# #...
#....r....#. #...
......#.5...... #...
####..#.#.####### #...
#. #.###.....## #...
### #. #..#.......#
....
#.##########....>....#
####
#...........†⌠.....⌠..
....
#.###................#
###


You could see a quokka, a hobgoblin (ally target), a frilled lizard, a quokka
skeleton and a friendly crimson imp (summoned).

Vanquished Creatures
  An adder (D:2)
  2 dart slugs (D:1)
  A ball python (D:1)
  A bat zombie (D:2)
  2 endoplasms
  3 giant cockroaches
  A goblin (D:1)
  3 hobgoblins
  A quokka (D:1)
  A bat (D:1)
  A frilled lizard (D:1)
  A giant cockroach zombie (D:2)
  A jackal zombie (D:2)
  A kobold (D:2)
  6 rats (D:1)
26 creatures vanquished.

Vanquished Creatures (collateral kills)
  4 bats (D:1)
  An endoplasm (D:1)
  A goblin (D:1)
  3 hobgoblins (D:1)
  A ball python zombie (D:2)
  3 rats (D:1)
13 creatures vanquished.

Grand Total: 39 creatures vanquished

Notes
Turn   | Place    | Note
-------+----------+-------------------------------------------
     0 | D:1      | openice22 the Merfolk Summoner began the quest for the Orb.
     0 | D:1      | Reached XP level 1. HP: 13/13 MP: 3/3
     0 | D:1      | Noticed an elf
     0 | D:1      | Noticed a dwarf
     1 | D:1      | Noticed an ogre
     3 | D:1      | Noticed a formicid
     3 | D:1      | Noticed an octopode
     8 | D:1      | Noticed a minotaur
     9 | D:1      | Noticed a minotaur
    11 | D:1      | Noticed a human
    11 | D:1      | Noticed a centaur
    17 | D:1      | Noticed a ghoul
    17 | D:1      | Noticed a centaur
    17 | D:1      | Noticed a troll
    19 | D:1      | Noticed an ogre
    19 | D:1      | Noticed a gargoyle
    21 | D:1      | Noticed a draconian
   548 | D:1      | Reached XP level 2. HP: 19/19 MP: 5/5
  1177 | D:1      | Reached XP level 3. HP: 20/24 MP: 6/6
  2165 | D:2      | Learned a level 2 spell: Call Imp
  2432 | D:2      | Found a stormy altar of Qazlal.
  2685 | D:2      | Slain by a hobgoblin

Illustrated notes

Levels and vault maps discovered:
D:1:      shiori_arrival_whats_in_store_for_you, layout_basic,
          ebering_dispersal_statue_hall, chequers_decorated_corner,
          minmay_rat_gold_closets
D:2:      layout_basic, basic_altar, basic_ecumenical_altar, serial_undead,
          serial_undead_e, serial_undead_a, serial_undead_b, serial_undead_d,
          grunt_ministairs_10

Skill      XL: |  1  2 |
---------------+-------+-----
Dodging        | 3 |  3.1
Fighting       | |  0.8
Short Blades   | |  0.4
Armour         | |  0.9
Stealth        | |  2.2
Unarmed Combat | |  0.5
Spellcasting   | |  2.4
Summonings     | |  4.2

Action                   || total
-------------------------++-------
Melee: Unarmed           ||    68
       Dagger            ||   211
       Whip              ||     6
 Cast: Summon Small Mamm ||    15
       Call Imp          ||     4
  Use: Scroll            ||     4
 Stab: Sleeping          ||     1
Armor: Ring mail         ||   171
       Robe              ||    14
Dodge: Dodged            ||   252

Table legend: (Time is in decaauts)
 A = Elapsed time spent in this place.
 B = Non-inter-level travel time spent in this place.
 C = Inter-level travel time spent in this place.
 D = Time resting spent in this place.
 E = Time spent auto-exploring this place.
 F = Levels seen in this place.
 G = Mean time per level.
                   A        B        C        D        E       F      G
               +--------+--------+--------+--------+--------+-----+--------+
         Total |   2683 |   2683 |      0 |    715 |   1133 |   2 | 1341.5 |
       Dungeon |   2683 |   2683 |      0 |    715 |   1133 |   2 | 1341.5 |
               +--------+--------+--------+--------+--------+-----+--------+

Top non-repeatable levels by time:
     D:1: 1781 daAuts
     D:2: 901 daAuts
